 Dungeon Crawl Stone Soup version 0.26-a0-648-g87339cca5e (webtiles) character file.

Game seed: 5708088809688967084

233 DogServant the Ruffian (level 5, 0/47 HPs)
             Began as a Draconian Transmuter on Sept 25, 2020.
             Slain by a bullfrog (9 damage)
             ... in a sewer.
             The game lasted 00:08:26 (3149 turns).

DogServant the Ruffian (Draconian Transmuter)       Turns: 3149, Time: 00:08:26

Health: 0/47       AC:  5    Str: 13    XL:     5   Next: 75%
Magic:  5/8        EV: 12    Int: 19    God:
Gold:   103        SH:  0    Dex: 12    Spells: 2/8 levels left

rFire    . . .     SeeInvis .     - Unarmed
rCold    . . .     Faith    .   (no shield)
rNeg     . . .     Spirit   .   (armour unavailable)
rPois    +         Reflect  .   (helmet currently unavailable)
rElec    .         Harm     .   (no cloak)
rCorr    .         Rampage  .   (no gloves)
MR       .....                  (boots currently unavailable)
Stlth    +.........             (no amulet)
HPRegen  0.15/turn              d - +6 ring of intelligence
MPRegen  0.11/turn              l - ring of poison resistance

@: appendages, wereblooded, very slow
A: unfitting armour, horns 2, talons 2, cold-blooded, AC +5
a: End Transformation


You were in a sewer.
You had grown temporary horns.
You had grown temporary talons.
You visited 1 branch of the dungeon, and saw 3 of its levels.
You also visited: Sewer.

You collected 103 gold pieces.

Inventory:

Jewellery
 d - a +6 ring of intelligence (left hand)
 l - a ring of poison resistance (right hand)
Scrolls
 c - a scroll of fog {unknown}
Potions
 e - 2 potions of flight {unknown}
 h - a potion of stabbing {unknown}
 i - 2 potions of heal wounds {unknown}
 j - a potion of lignification {unknown}
 m - a potion of ambrosia {unknown}


   Skills:
 + Level 4.5 Fighting
 - Level 1.7 Dodging
 + Level 5.0 Unarmed Combat
 - Level 2.0 Spellcasting
 - Level 2.0 Transmutations


You had 2 spell levels left.
You knew the following spells:

 Your Spells              Type           Power        Failure   Level
a - Beastly Appendage     Tmut           #.....       8%          1
b - Wereblood             Tmut           #.......     11%         2
c - Spider Form           Tmut/Pois      #.........   32%         3

Your spell library contained the following spells:

 Spells                   Type           Power        Failure   Level
 Ice Form                 Ice/Tmut       #.......     73%         4
 Blade Hands              Tmut           #.........   90%         5


Dungeon Overview and Level Annotations

Branches:
Dungeon (3/15)              Sewer (1/1)

Altars:
Hepliaklqana
Nemelex Xobeh
Qazlal
The Shining One


Innate Abilities, Weirdness & Mutations

Your plain brown scales are hard. (AC +5)
You cannot fit into any form of body armour.
You are cold-blooded and may be slowed by cold attacks.
You have a pair of horns on your head.
You have razor-sharp toenails.


Message History

The bullfrog hits you but does no damage.
The bullfrog completely misses you. The bullfrog hits you.
* * * LOW HITPOINT WARNING * * *
Casting: Wereblood (safe; 11% risk of failure)
Confirm with . or Enter, or press ? or * to list all spells.
You grow a pair of large bovine horns.
Your feet morph into talons.
The bullfrog hits you!
* * * LOW HITPOINT WARNING * * *
The bullfrog barely misses you. The bullfrog hits you.
* * * LOW HITPOINT WARNING * * *
You feel better. The bullfrog misses you. The bullfrog closely misses you.
The bullfrog hits you.
* * * LOW HITPOINT WARNING * * *
Okay, then.
Okay, then.
You hit the bullfrog.
You kill the bullfrog!
Your Unarmed Combat skill increases to level 5!
The bullfrog hits you!
You die...

#.≈≈≈≈≈≈≈≈≈≈≈≈≈≈≈≈≈≈≈≈≈≈≈
#.≈≈≈≈≈≈≈≈≈≈≈≈≈≈≈≈≈≈≈≈≈≈≈
#.≈≈≈≈..≈≈≈≈≈≈≈≈≈†.......
#.≈≈≈.≈≈≈≈≈≈≈≈≈≈≈≈≈≈≈≈###
#≈≈≈≈.≈≈≈≈≈≈≈≈≈≈≈≈≈≈≈≈≈≈#
#≈≈≈≈≈≈≈≈≈≈≈≈.≈≈≈≈≈≈≈≈≈≈#
#≈≈≈≈≈≈≈≈≈≈≈≈≈≈≈≈≈≈≈≈≈≈≈≈
#≈≈≈≈≈≈≈≈≈≈≈.≈.≈)≈≈≈≈≈≈≈≈
#.≈≈≈≈≈≈@F≈≈.≈.(?$.≈≈≈≈≈≈
#≈≈≈≈≈≈≈≈≈..≈.≈.(.≈≈≈≈≈≈≈
#.≈≈≈≈≈≈≈≈≈...≈≈
#≈≈≈≈≈#≈≈≈≈∩≈≈≈≈
#≈≈≈≈≈##≈≈≈≈≈≈≈≈
#.≈≈≈≈####≈≈≈≈≈≈ #.†≈≈≈#
###≈≈≈ #.≈≈≈.# ###
#.≈≈≈≈#


You could see a bullfrog.

Vanquished Creatures
  A bullfrog (Sewer)
  7 adders
  2 worms (D:2)
  10 leopard geckos
  An orc (D:3)
  8 giant cockroaches
  8 goblins
  10 hobgoblins
  4 kobolds
  A quokka (D:3)
  4 ball pythons
  9 bats
  14 frilled lizards
  7 rats
86 creatures vanquished.

Notes
Turn   | Place    | Note
-------+----------+-------------------------------------------
     0 | D:1      | DogServant the Draconian Transmuter began the quest for the
                  | Orb.
     0 | D:1      | Reached XP level 1. HP: 16/16 MP: 3/3
   208 | D:1      | Reached XP level 2. HP: 20/24 MP: 3/5
   686 | D:1      | Reached XP level 3. HP: 30/30 MP: 4/6
  1273 | D:2      | Found a sparkling altar of Nemelex Xobeh.
  1309 | D:2      | Reached skill level 4 in Unarmed Combat
  2068 | D:2      | Reached XP level 4. HP: 38/38 MP: 5/7
  2556 | D:3      | Found a glowing golden altar of the Shining One.
  2626 | D:3      | Found a stormy altar of Qazlal.
  2660 | D:3      | Learned a level 2 spell: Wereblood
  2664 | D:3      | Learned a level 3 spell: Spider Form
  2686 | D:3      | Found a hazy altar of Hepliaklqana.
  2827 | D:3      | Found a glowing drain.
  2831 | Sewer    | Entered a sewer
  2865 | Sewer    | Reached XP level 5. HP: 39/46 MP: 8/8
  3147 | Sewer    | HP: 2/46 [bullfrog (1)]
  3149 | Sewer    | Reached skill level 5 in Unarmed Combat
  3149 | Sewer    | Slain by a bullfrog

Illustrated notes

Levels and vault maps discovered:
D:1:      lemuel_arrival_room, layout_basic
D:2:      layout_basic, overflow_temple_1_default, serial_co_window_serial,
          co_window_paths_a, co_window_paths_b, co_window_corner_a,
          co_window_paths_a, co_window_paths_b, co_window_broadway_b,
          co_window_2corner, co_window_paths_c, glass_columns_c
D:3:      layout_basic, lemuel_doored_altar, tso_oasis_becter,
          old_standard_altar, chequers_ecumenical_altar_island,
          gup_sewer_entry_spiral, chequers_decorated_corner
Sewer:    sewer_frog_island_01

Skill      XL: |  1  2  3  4  5 |
---------------+----------------+-----
Fighting       | 2 3 4 |  4.5
Unarmed Combat | 4 5 |  5.0
Dodging        | |  1.7
Spellcasting   | |  2.0
Transmutations | |  2.0

Action                   |  1- 3 |  4- 6 || total
-------------------------+-------+-------++-------
Melee: Unarmed           |   118 |   160 ||   278
       Kick              |    16 |    14 ||    30
       Headbutt          |    11 |     4 ||    15
       Tailslap          |    11 |    12 ||    23
       Punch             |     1 |     2 ||     3
 Cast: Beastly Appendage |    25 |    18 ||    43
       Wereblood         |       |     1 ||     1
  Use: Scroll            |       |     5 ||     5
       Potion            |       |     1 ||     1
 Stab: Sleeping          |     1 |       ||     1
       Distracted        |       |     1 ||     1
Armor: Skin              |    34 |    48 ||    82
Dodge: Dodged            |    76 |   128 ||   204

Table legend: (Time is in decaauts)
 A = Elapsed time spent in this place.
 B = Non-inter-level travel time spent in this place.
 C = Inter-level travel time spent in this place.
 D = Time resting spent in this place.
 E = Time spent auto-exploring this place.
 F = Levels seen in this place.
 G = Mean time per level.
                   A        B        C        D        E       F      G
               +--------+--------+--------+--------+--------+-----+--------+
         Total |   3198 |   3087 |    111 |    500 |   1846 |   4 |  799.5 |
       Dungeon |   2832 |   2721 |    111 |    500 |   1700 |   3 |  944.0 |
         Sewer |    366 |    366 |      0 |      0 |    146 |   1 |  366.0 |
               +--------+--------+--------+--------+--------+-----+--------+

Top non-repeatable levels by time:
     D:2: 1348 daAuts
     D:1: 1142 daAuts
   Sewer: 366 daAuts
     D:3: 342 daAuts
